 Dungeon Sprint DCSS version 0.22-a0-429-g97ce8ef721 (webtiles) character file.

70793 Ebeneezer the Naga Aeon (level 15, 0/152 HPs)
             Began as a Naga Fighter on May 25, 2018.
             Was the Champion of Cheibriados.
             Slain by Jory
             ... wielding a +0 great sword of flaming
              (39 damage)
             ... in the Dungeon (Sprint IX: "|||||||||||||||||||||||||||||").
             The game lasted 00:09:38 (4661 turns).

Ebeneezer the Naga Aeon (Naga Fighter)              Turns: 4661, Time: 00:09:39

Health: 0/152      AC: 22    Str: 41    XL:     15   Next: 34%
Magic:  27/32      EV: 13    Int: 24    God:    Cheibriados [******]
Gold:   357        SH: 17    Dex: 27    Spells: 14/14 levels left

rFire    . . .     SeeInvis +   a - +0 flail
rCold    + . .     Gourm    .   G - +0 shield {reflect}
rNeg     . . .     Faith    .   F - +2 plate armour {rC+}
rPois    +         Spirit   .   p - +0 helmet
rElec    .         Reflect  +   q - +0 cloak
rCorr    .         Harm     .   (no gloves)
MR       +....     NoTele   +   (no barding)
Stlth    ..........             (no amulet)
HPRegen  0.35/turn              s - +2 ring of evasion
MPRegen  0.23/turn              t - +3 ring of strength

@: very slow
A: large, see invisible, deformed body, poison resistance, slowness 2, slow
metabolism 1, spit poison 1, constrict 1, AC +5
a: Spit Poison, Bend Time, Temporal Distortion, Slouch, Step From Time, Renounce
Religion


You were in the Dungeon.
You worshipped Cheibriados.
Cheibriados was exalted by your worship.
You were near starving.

You visited 1 branch You collected 1900 gold pieces.
You spent 1543 gold pieces at shops.

Inventory:

Hand Weapons
 a - a +0 flail (weapon)
Armour
 c - a +0 shield
 p - a +0 helmet (worn)
 q - a +0 cloak (worn)
 r - a +1 chain mail
 C - the cursed +0 hat of Ruerea Miuv {rF+ Dex+4}
   (You found it in the Dungeon)

   It affects your dexterity (+4).
   It protects you from fire.
   It has a curse placed upon it.
 D - +0 storm dragon scales
 E - a +1 large shield
 F - a +2 plate armour of cold resistance (worn)
 G - a +0 shield of reflection (worn)
Jewellery
 d - an uncursed ring of protection from magic
 s - a +2 ring of evasion (left hand)
 t - a +3 ring of strength (right hand)
 v - an uncursed ring of fire
 y - an uncursed ring of fire
 z - an uncursed ring of positive energy {unknown}
 A - an uncursed ring of fire
 B - an uncursed ring of protection from fire
Wands
 o - a wand of iceblast (10)
Scrolls
 j - 2 scrolls of fog
 k - 2 scrolls of blinking
 l - 4 scrolls of enchant armour
 m - 8 scrolls of remove curse
 n - 2 scrolls of amnesia
 u - 5 scrolls of enchant weapon
Potions
 b - a potion of brilliance
 e - 10 potions of curing
 g - 6 potions of heal wounds
 h - 2 potions of haste
 w - 2 potions of mutation
 x - 4 potions of agility
Comestibles
 f - 19 rations


   Skills:
 + Level 14.9 Fighting
 + Level 16.6 Maces & Flails
 + Level 15.1 Armour
 + Level 5.0 Dodging
 + Level 14.1 Shields
 O Level 27 Invocations


You had 14 spell levels left.
You didn't know any spells.
Your spell library was empty.

Dungeon Overview and Level Annotations

Branches:
Dungeon (1/1)

Altars:
Cheibriados
Dithmenos
Elyvilon
Fedhas
Gozag
Hepliaklqana
Kikubaaqudgha
Makhleb
Nemelex Xobeh
Okawaru
Qazlal
Ru
Sif Muna
Trog
Uskayaw
Vehumet
Wu Jian
Xom
Yredelemnul
Zin
The Shining One
Beogh
Jiyva
Lugonu

Shops:
D **!

Annotations:
D Jory


Innate Abilities, Weirdness & Mutations

You cannot wear boots.
Your serpentine skin is tough. (AC +5)
You have supernaturally acute eyesight. (SInv)
Armour fits poorly on your strangely shaped body.
Your system is resistant to poisons. (rPois)
You cover ground very slowly.
You have a slow metabolism.
You can spit poison.
You can use your snake-like lower body to constrict enemies.


Message History

The Orb Guardian seems to grow stronger.
You sock Jory!
Jory is severely damaged.
You constrict Jory!
Jory hits you with a great sword of flaming!
Jory burns you. You block Jory's attack.
The vampire knight hits you with a broad axe of distortion!
* * * LOW HITPOINT WARNING * * *
You feel a strange sense of stasis. The vampire knight bites you.
* * * LOW HITPOINT WARNING * * *
The vampire knight draws strength from your injuries!
Unknown command.
Magic courses through your body.
You constrict Jory!
The ironbrand convoker gestures at the vampire knight while chanting.
The vampire knight hits you but does no damage.
Space bends around you.
* * * LOW HITPOINT WARNING * * *
You block the vampire knight's attack.
Jory hits you with a great sword of flaming!!!
You die...

........)[))((.((.....!..[.[.[[[.
▓▓▓▓▓▓▓▓▓▓▓▓▓▓▓▓▓▓▓▓▓▓▓▓▓▓▓▓▓▓▓▓▓
.................................
▓▓▓▓▓▓▓▓▓▓▓▓▓▓▓▓▓▓▓▓▓♣♣♣♣♣♣♣♣♣♣▓▓
'...).))†.†......†.††..†..†...†..
▓▓▓▓▓▓▓▓▓▓▓▓▓▓▓▓▓▓▓▓▓♣♣♣♣♣♣♣♣♣♣▓▓
.............).)..).))...........
▓▓▓▓▓▓▓▓▓▓▓▓▓▓▓▓▓▓▓▓▓▓▓▓▓▓▓▓▓▓▓▓▓
D.VOpXV@V)+............)
▓▓▓▓▓▓▓▓▓▓▓▓▓▓▓▓▓▓▓▓▓▓▓▓


You could see Jory, an Orb Guardian, 2 vampire knights, an ogre mage
(invisible), an ironbrand convoker and a steam dragon shaped shifter.

Vanquished Creatures
  Saint Roka (D)
  Frances (D)
  A thorn hunter (D)
  Donald (D)
  A vault warden (D)
  A frost giant (D)
  Aizul (D)
  An ironheart preserver (D)
  A stone giant (D)
  A green draconian (D)
  A spark wasp (D)
  2 ettins (D)
  6 fire dragons (D)
  2 ice dragons (D)
  3 hydras (D)
  A merfolk avatar (D)
  3 naga warriors (D)
  A spriggan air mage (D)
  3 centaur warriors (D)
  A satyr (D)
  2 catoblepae (D)
  A death knight (D)
  3 death yaks (D)
  3 ogre magi (D)
  2 tengu warriors (D)
  2 deep troll shamans (D)
  8 two-headed ogres (D)
  A deep troll earth mage (D)
  A deep elf knight (D)
  Urug (D)
  A shock serpent (D)
  A shambling mangrove (D)
  4 ironbrand convokers (D)
  A naga ritualist (D)
  A wizard (D)
  A harpy (D)
  A deep elf archer (D)
  6 orc knights (D)
  A harpy (shapeshifter) (D)
  4 wolf spiders (D)
  2 orc sorcerers (D)
  2 manticores (D)
  An ugly thing (D)
  A cyclops (D)
  Joseph (D)
  4 black mambas (D)
  A merfolk siren (D)
  A naga mage (D)
  A vault sentinel (D)
  4 komodo dragons (D)
  3 spiny frogs (D)
  A yaktaur (D)
  2 demonic crawlers (D)
  A merfolk (D)
  A jumping spider (D)
  2 trolls (D)
  4 hornets (D)
  2 slime creatures (D)
  A wind drake (D)
  A tyrant leech (D)
  A hippogriff (D)
  A snapping turtle (D)
  3 bog bodies (D)
  4 yaks (D)
  2 redbacks (D)
  A tarantella (D)
  A naga (D)
  A swamp drake (D)
  2 porcupines (D)
  13 orc warriors (D)
  2 black bears (D)
  5 ogres (D)
  A crocodile (D)
  4 bullfrogs (D)
  A crimson imp (D)
  3 orc priests (D)
  3 orc wizards (D)
  An adder (D)
  2 shadow imps (D)
  2 oozes (D)
  An adder zombie (D)
  A dart slug (D)
  A leopard gecko (D)
  8 orcs (D)
  2 bat zombies (D)
  2 goblins (D)
  A ball python zombie (D)
  A quokka simulacrum (D)
  A rat (D)
185 creatures vanquished.

Vanquished Creatures (others)
  A stone giant (D)
1 creature vanquished.

Grand Total: 186 creatures vanquished

Notes
Turn   | Place    | Note
-------+----------+-------------------------------------------
     0 | D        | Ebeneezer the Naga Fighter began the quest for the Orb.
     0 | D        | Reached XP level 1. HP: 21/21 MP: 1/1
    14 | D        | Reached XP level 2. HP: 21/28 MP: 2/2
    98 | D        | Reached skill level 5 in Maces & Flails
   104 | D        | Reached XP level 3. HP: 34/34 MP: 3/3
   197 | D        | Found a roughly hewn altar of Beogh.
   197 | D        | Found a snail-covered altar of Cheibriados.
   197 | D        | Found a shadowy altar of Dithmenos.
   197 | D        | Found a white marble altar of Elyvilon.
   197 | D        | Found a blossoming altar of Fedhas.
   197 | D        | Found an opulent altar of Gozag.
   198 | D        | Found a hazy altar of Hepliaklqana.
   199 | D        | Found a viscous altar of Jiyva.
   200 | D        | Found an ancient bone altar of Kikubaaqudgha.
   201 | D        | Became a worshipper of Cheibriados the Contemplative
   202 | D        | Found a corrupted altar of Lugonu.
   203 | D        | Found a burning altar of Makhleb.
   204 | D        | Found a sparkling altar of Nemelex Xobeh.
   205 | D        | Found an iron altar of Okawaru.
   206 | D        | Found a stormy altar of Qazlal.
   207 | D        | Found a sacrificial altar of Ru.
   208 | D        | Found a deep blue altar of Sif Muna.
   209 | D        | Found a bloodstained altar of Trog.
   210 | D        | Found a hide-covered altar of Uskayaw.
   211 | D        | Found a radiant altar of Vehumet.
   212 | D        | Found an ornate altar of the Wu Jian Council.
   213 | D        | Found a shimmering altar of Xom.
   214 | D        | Found a basalt altar of Yredelemnul.
   215 | D        | Found a glowing silver altar of Zin.
   216 | D        | Found a glowing golden altar of the Shining One.
   266 | D        | Noticed a black bear
   266 | D        | Noticed a black bear
   266 | D        | Noticed an ogre
   271 | D        | Killed an ogre
   271 | D        | Reached skill level 3 in Invocations
   271 | D        | Reached XP level 4. HP: 40/44 MP: 3/6
   271 | D        | Reached XP level 5. HP: 46/50 MP: 3/7
   279 | D        | Killed a black bear
   279 | D        | Reached * piety under Cheibriados
   279 | D        | Reached skill level 5 in Fighting
   279 | D        | Reached skill level 4 in Invocations
   285 | D        | Killed a black bear
   285 | D        | Reached skill level 5 in Invocations
   285 | D        | Reached XP level 6. HP: 29/61 MP: 4/9
   288 | D        | Reached ** piety under Cheibriados
   488 | D        | Noticed a troll
   488 | D        | Noticed a troll
   488 | D        | Noticed a centaur warrior
   499 | D        | Killed a centaur warrior
   499 | D        | Reached *** piety under Cheibriados
   499 | D        | Reached skill level 1 in Dodging
   499 | D        | Reached skill level 5 in Shields
   499 | D        | Reached skill level 7 in Invocations
   499 | D        | Reached XP level 7. HP: 46/72 MP: 10/12
   499 | D        | Reached XP level 8. HP: 51/80 MP: 10/13
   513 | D        | Killed a troll
   513 | D        | Reached skill level 8 in Invocations
   531 | D        | Killed a troll
   531 | D        | Reached **** piety under Cheibriados
   873 | D        | Noticed a seven-headed hydra
   873 | D        | Noticed a spiny frog
   873 | D        | Noticed a komodo dragon
   874 | D        | Reached ***** piety under Cheibriados
   874 | D        | Reached XP level 9. HP: 88/88 MP: 15/15
   874 | D        | Reached skill level 9 in Invocations
   875 | D        | Killed a komodo dragon
   875 | D        | Killed a spiny frog
   875 | D        | Noticed a komodo dragon
   878 | D        | Killed a seven-headed hydra
   878 | D        | Reached skill level 10 in Invocations
   885 | D        | Killed a komodo dragon
   892 | D        | Reached XP level 10. HP: 99/99 MP: 2/18
   986 | D        | Noticed a black mamba
   986 | D        | Noticed a spiny frog
   986 | D        | Noticed a spiny frog
   988 | D        | Killed a black mamba
   988 | D        | Reached ****** piety under Cheibriados
   988 | D        | Reached skill level 11 in Invocations
   989 | D        | Killed a spiny frog
   989 | D        | Killed a spiny frog
   989 | D        | Reached skill level 10 in Fighting
   989 | D        | Reached skill level 12 in Invocations
  1051 | D        | Noticed a death yak
  1051 | D        | Noticed a death yak
  1051 | D        | Noticed a death yak
  1051 | D        | Noticed a catoblepas
  1054 | D        | Killed a catoblepas
  1054 | D        | Reached skill level 13 in Invocations
  1054 | D        | Killed a death yak
  1054 | D        | Reached XP level 11. HP: 91/110 MP: 9/21
  1054 | D        | Killed a death yak
  1054 | D        | Reached skill level 14 in Invocations
  1055 | D        | Noticed a catoblepas
  1057 | D        | Killed a death yak
  1060 | D        | Killed a catoblepas
  1060 | D        | Reached skill level 15 in Invocations
  1138 | D        | Noticed Joseph
  1149 | D        | Killed Joseph
  1243 | D        | Noticed an orc knight
  1247 | D        | Killed an orc knight
  1247 | D        | Noticed an orc knight
  1259 | D        | Killed an orc knight
  1259 | D        | Reached skill level 16 in Invocations
  1263 | D        | Noticed an orc knight
  1276 | D        | Killed an orc knight
  1401 | D        | Noticed an orc sorcerer
  1405 | D        | Killed an orc sorcerer
  1405 | D        | Reached skill level 17 in Invocations
  1405 | D        | Noticed an orc knight
  1412 | D        | Killed an orc knight
  1695 | D        | Found Bihoiluf's Distillery.
  1695 | D        | Noticed an ogre mage
  1695 | D        | Noticed a two-headed ogre
  1695 | D        | Noticed an ogre mage
  1695 | D        | Noticed a two-headed ogre
  1697 | D        | Killed an ogre mage
  1697 | D        | Reached XP level 12. HP: 120/120 MP: 18/24
  1697 | D        | Killed a two-headed ogre
  1697 | D        | Reached skill level 18 in Invocations
  1697 | D        | Killed an ogre mage
  1700 | D        | Killed a two-headed ogre
  1705 | D        | Found Hihatuj's General Store.
  1709 | D        | Found Voyv's Food Boutique.
  1711 | D        | Noticed a two-headed ogre
  1711 | D        | Noticed a two-headed ogre
  1712 | D        | Found Icyopp's Assorted Antiques.
  1712 | D        | Noticed a two-headed ogre
  1712 | D        | Noticed a two-headed ogre
  1716 | D        | Noticed a two-headed ogre
  1719 | D        | Killed a two-headed ogre
  1719 | D        | Reached skill level 19 in Invocations
  1721 | D        | Killed a two-headed ogre
  1723 | D        | Killed a two-headed ogre
  1723 | D        | Reached skill level 15 in Maces & Flails
  1723 | D        | Reached skill level 10 in Armour
  1723 | D        | Killed a two-headed ogre
  1723 | D        | Killed a two-headed ogre
  1723 | D        | Reached skill level 20 in Invocations
  1724 | D        | Noticed an ogre mage
  1735 | D        | Killed an ogre mage
  1776 | D        | Bought a potion of curing for 36 gold pieces
  1776 | D        | Bought a potion of heal wounds for 60 gold pieces
  1776 | D        | Bought a potion of mutation for 96 gold pieces
  1776 | D        | Bought a potion of heal wounds for 60 gold pieces
  1776 | D        | Bought a potion of curing for 36 gold pieces
  1776 | D        | Bought a potion of agility for 48 gold pieces
  1776 | D        | Bought 2 potions of agility for 96 gold pieces
  1778 | D        | Bought a scroll of enchant weapon for 97 gold pieces
  1782 | D        | Bought a potion of curing for 72 gold pieces
  1782 | D        | Bought an agate ring for 120 gold pieces
  1782 | D        | Bought a potion of curing for 72 gold pieces
  1782 | D        | Bought a notched gilded ring for 120 gold pieces
  1784 | D        | Bought a ration for 70 gold pieces
  1784 | D        | Bought a ration for 70 gold pieces
  1784 | D        | Bought a ration for 70 gold pieces
  1784 | D        | Bought a ration for 70 gold pieces
  1784 | D        | Bought a ration for 70 gold pieces
  1784 | D        | Bought a ration for 70 gold pieces
  1784 | D        | Bought a ration for 70 gold pieces
  1784 | D        | Bought a ration for 70 gold pieces
  1784 | D        | Bought a ration for 70 gold pieces
  1980 | D        | Got the cursed +0 hat of Ruerea Miuv {rF+ Dex+4}
  2026 | D        | Noticed a death knight
  2026 | D        | Noticed a two-headed ogre
  2026 | D        | Noticed a centaur warrior
  2026 | D        | Noticed a tengu warrior
  2027 | D        | Noticed a seven-headed hydra
  2029 | D        | Killed a tengu warrior
  2029 | D        | Killed a centaur warrior
  2029 | D        | Killed a two-headed ogre
  2029 | D        | Reached skill level 21 in Invocations
  2030 | D        | Killed a death knight
  2030 | D        | Killed a seven-headed hydra
  2031 | D        | Noticed a stone giant
  2032 | D        | Gained mutation: You can use your snake-like lower body to constrict enemies. [Naga growth]
  2032 | D        | Reached XP level 13. HP: 72/128 MP: 12/27
  2034 | D        | Noticed an ettin
  2035 | D        | HP: 3/128 [stone giant/large rock (45)]
  2038 | D        | Noticed an ettin
  2041 | D        | Killed a stone giant
  2043 | D        | Killed an ettin
  2043 | D        | Reached skill level 22 in Invocations
  2043 | D        | Killed an ettin
  2062 | D        | Noticed an ice dragon
  2066 | D        | Killed an ice dragon
  2066 | D        | Reached skill level 10 in Shields
  2512 | D        | Noticed Donald
  2528 | D        | Killed Donald
  2528 | D        | Reached skill level 23 in Invocations
  2827 | D        | Reached skill level 24 in Invocations
  3047 | D        | Noticed a thorn hunter
  3051 | D        | Killed a thorn hunter
  3156 | D        | Reached skill level 25 in Invocations
  3156 | D        | Reached XP level 14. HP: 138/138 MP: 24/30
  3297 | D        | Noticed Urug
  3305 | D        | Killed Urug
  3429 | D        | Noticed Saint Roka
  3435 | D        | Reached skill level 26 in Invocations
  3440 | D        | Killed Saint Roka
  3709 | D        | Noticed Frances
  3721 | D        | Killed Frances
  3750 | D        | Noticed Aizul
  3758 | D        | Killed Aizul
  3758 | D        | Reached skill level 27 in Invocations
  4217 | D        | Noticed a stone giant
  4220 | D        | Noticed a frost giant
  4220 | D        | Killed a stone giant
  4228 | D        | Killed a frost giant
  4235 | D        | Reached XP level 15. HP: 81/151 MP: 5/32
  4628 | D        | Noticed a vault warden
  4631 | D        | Reached skill level 5 in Dodging
  4636 | D        | Killed a vault warden
  4636 | D        | Reached skill level 15 in Armour
  4646 | D        | Noticed Jory
  4647 | D        | Noticed an Orb Guardian
  4661 | D        | Slain by Jory

Vault maps used:
D:        linesprint

Skill      XL: |  1  2  3  4  5  6  7  8  9 10 11 12 13 14 15 |
---------------+----------------------------------------------+-----
Maces & Flails | 4 6 7 9 11 12 13 14 15 16 | 16.6
Fighting       | 4 5 7 8 9 10 11 12 14 | 14.9
Armour         | 3 4 6 8 9 10 11 14 15 | 15.1
Shields        | 3 4 5 6 7 8 9 10 13 14 | 14.1
Invocations    | 3 5 7 8 10 13 17 21 25 27 | 27.0
Dodging        | 1 2 3 4 5 |  5.0

Action                   |  1- 3 |  4- 6 |  7- 9 | 10-12 | 13-15 || total
-------------------------+-------+-------+-------+-------+-------++-------
Melee: Flail             |    35 |    26 |    50 |    73 |   112 ||   296
       Constrict         |       |       |       |       |    21 ||    21
Invok: Slouch            |       |       |     3 |    27 |    57 ||    87
 Abil: Spit Poison       |     1 |     1 |     2 |       |     6 ||    10
  Use: Potion            |     2 |     1 |     1 |     1 |     5 ||    10
       Scroll            |       |       |       |     1 |       ||     1
 Stab: Invisible         |       |     2 |     1 |       |       ||     3
  Eat: Chunk             |       |       |       |     2 |     4 ||     6
       Ration            |       |       |       |     1 |     2 ||     3
Armor: Scale mail        |     4 |       |       |       |       ||     4
       Chain mail        |       |    19 |     9 |    14 |       ||    42
       Storm dragon scal |       |       |       |     4 |     6 ||    10
       Plate armour      |       |       |       |       |    30 ||    30
Dodge: Dodged            |     8 |     9 |    17 |    16 |    59 ||   109
Block: Shield            |    14 |    19 |    26 |    44 |    81 ||   184
       Large shield      |       |       |       |     5 |    22 ||    27
       Reflection        |       |       |       |       |     6 ||     6

Table legend:
 A = Spawn XP
 B = Non-spawn XP
 C = Spawn XP percentage of total XP
 D = Spawn monster count
 E = Non-spawn monster count
 F = Spawn count percentage of total count
 G = Total turns spent on level
                    A         B        C        D         E        F      G
               +---------+---------+-------+---------+---------+-------+---------
         Total |       0 |  101134 |   0.0 |       0 |     186 |   0.0 |  4661
               +---------+---------+-------+---------+---------+-------+---------
             D |       0 |  101134 |   0.0 |       0 |     186 |   0.0 |  4661
               +---------+---------+-------+---------+---------+-------+---------
